Map: [ESL] Site Delta

Players

Solar

  • Race: Zerg Zerg
  • Spawn Location: 5:00

Clem - Winner!

  • Race: Terran Terran
  • Spawn Location: 11:00

Event: ESL SC2 Masters 2023 Winter (Finals)

VOD

Have the link to the VOD?

Description

Time

  • Played on: Dec. 16, 2023, 6:41 p.m.
  • Length: 18:37

All games in this series

Show
View Real Time Build Order
Export as new Build Order

Solar Zerg 

Build Orders: Hatch First 

Get SALT Encoding   

  12  0:00  Drone  
  13  0:12  Overlord  
  13  0:17  Drone  
  14  0:31  Drone x2  
  16  0:48  Hatchery  
  15  0:51  Drone  
  15  0:54  Drone  
  18  0:57  Drone  
  18  1:08  Extractor  
  17  1:13  Spawning Pool  
  17  1:15  Drone  
  17  1:19  Drone  
  18  1:28  Drone  
  19  1:38  Drone  
  20  1:49  Drone  
  21  2:00  Queen x2  
  21  2:01  Zergling x4  
  27  2:10  Zergling x2  
  27  2:13  Overlord  
  28  2:21  Hatchery  
  27  2:23  Drone  
  27  2:32  Drone  
  27  2:35  Queen  
  27  2:36  Drone  
  31  2:41  Overlord  
  31  2:47  Metabolic Boost  
  31  2:51  Drone  
  32  2:52  Drone  
  32  2:56  Drone  
  32  2:57  Drone  
  35  3:04  Drone  
  35  3:05  Drone  
  37  3:08  Drone x2  
  37  3:10  Drone  
  40  3:15  Queen  
  40  3:19  Overlord  
  42  3:32  Queen  
  44  3:34  Queen  
  44  3:35  Drone x2  
  44  3:36  Drone  
  44  3:37  Drone  
  44  3:41  Drone  
  51  3:42  Overlord  
  51  3:45  Drone  
  51  3:46  Drone  
  51  3:47  Drone  
  54  3:50  Drone  
  54  3:51  Drone  
  56  3:58  Drone  
  56  3:59  Overlord  
  56  4:01  Drone x3  
  60  4:04  Zergling x2  
  60  4:06  Zergling x2  
  60  4:08  Queen  
  64  4:15  Drone  
  64  4:16  Overlord  
  64  4:17  Queen  
  65  4:18  Drone x2  
  65  4:22  Drone  
  65  4:24  Drone  
  70  4:25  Lair  
  70  4:27  Drone  
  70  4:28  Drone  
  70  4:29  Drone  
  73  4:31  Overlord  
  73  4:35  Overlord  
  73  4:41  Extractor, Roach Warren  
  73  4:43  Extractor  
  73  4:45  Drone, Evolution Chamber  
  68  4:46  Drone x3  
  68  4:50  Drone x4  
  77  4:54  Zergling x6  
  77  4:57  Drone x3  
  77  4:58  Drone  
  77  4:59  Zergling x2  
  85  5:04  Overlord  
  85  5:07  Overlord  
  85  5:11  Overlord  
  85  5:13  Evolution Chamber x2  
  83  5:15  Overlord  
  83  5:17  Overlord  
  83  5:21  Extractor  
  83  5:23  Roach x3  
  83  5:27  Roach  
  83  5:28  Roach x3  
  94  5:31  Queen  
  94  5:34  Roach x3  
  94  5:37  Roach x2  
  94  5:41  Glial Reconstitution  
  96  5:43  Zergling x4  
  96  5:49  Roach x2  
  100  5:50  Zergling x4  
  100  5:54  Roach  
  100  5:55  Zergling x8  
  108  5:59  Roach  
  102  6:04  Roach x2  
  102  6:05  Queen  
  102  6:09  Drone  
  104  6:14  Drone  
  104  6:18  Zergling x2  
  100  6:21  Drone  
  100  6:25  Roach  
  97  6:33  Drone x2  
  97  6:34  Drone  
  97  6:35  Extractor  
  97  6:36  Zerg Melee Weapons Level 1  
  97  6:37  Extractor, Zerg Ground Armor Level 1  
  97  6:38  Ravager  
  97  6:39  Drone  
  98  6:40  Drone  
  98  6:45  Drone x4  
  103  6:52  Roach x2  
  103  6:53  Hatchery  
  106  6:59  Drone x4  
  106  7:00  Infestation Pit  
  106  7:01  Baneling Nest  
  108  7:04  Roach x2  
  108  7:06  Ravager  
  112  7:09  Overlord  
  112  7:13  Drone  
  112  7:14  Drone  
  112  7:15  Drone x4  
  118  7:18  Zergling x4  
  118  7:20  Overlord  
  120  7:25  Overseer, Ravager  
  120  7:26  Drone x2  
  120  7:27  Overlord  
  120  7:29  Zergling x4  
  125  7:34  Overlord  
  125  7:37  Zergling x4  
  125  7:43  Roach  
  126  7:47  Zergling x8  
  126  7:48  Hive, Centrifugal Hooks  
  126  7:49  Infestor  
  129  7:51  Ravager  
  129  7:53  Zergling x2  
  129  7:56  Zergling x6  
  134  8:04  Drone x2  
  138  8:05  Drone x2  
  138  8:07  Queen  
  138  8:09  Ravager x2  
  138  8:10  Drone x2  
  144  8:15  Zergling x2  
  144  8:16  Zergling x2  
  144  8:19  Zergling x12  
  152  8:21  Baneling x8  
  152  8:23  Roach  
  152  8:27  Zergling x8  
  157  8:36  Zergling x6  
  158  8:44  Roach x2  
  158  8:45  Overlord  
  158  8:48  Overlord  
  156  8:49  Zergling x10  
  156  8:52  Zergling x2  
  156  8:53  Zergling x2  
  159  8:57  Queen  
  159  8:58  Zergling x2  
  159  8:59  Overlord  
  160  9:06  Overseer, Overlord  
  159  9:11  Zergling x12  
  159  9:12  Baneling x2  
  158  9:18  Zergling x20  
  158  9:22  Zergling x10  
  167  9:24  Zergling x2  
  167  9:28  Adrenal Glands  
  167  9:30  Ultralisk Cavern  
  161  9:33  Zergling x6  
  161  9:35  Viper  
  160  9:38  Viper  
  160  9:41  Zerg Melee Weapons Level 2, Baneling x4, Zerg Ground Armor Level 2  
  160  9:42  Zergling x2  
  160  9:43  Zergling x2  
  165  9:47  Zergling x6  
  165  9:50  Extractor  
  165  9:51  Ravager  
  165  9:52  Baneling x7  
  168  9:53  Hatchery  
  168  9:54  Drone x2  
  168  9:55  Drone x4  
  168  9:59  Baneling x5  
  173  10:02  Zergling x8  
  173  10:03  Baneling x5  
  175  10:08  Pneumatized Carapace  
  175  10:13  Zergling x8  
  163  10:17  Zergling x10  
  163  10:18  Zergling x2  
  163  10:19  Chitinous Plating  
  168  10:22  Zergling x8  
  168  10:25  Zergling x2  
  168  10:26  Zergling x2  
  168  10:27  Queen  
  169  10:34  Drone x4  
  173  10:35  Baneling  
  173  10:36  Baneling x7  
  173  10:37  Drone x3  
  176  10:44  Ultralisk  
  176  10:46  Burrow  
  178  10:53  Zergling x14  
  178  11:05  Zergling x18, Ultralisk  
  193  11:12  Zergling x6  
  193  11:14  Baneling x13  
  193  11:16  Overlord  
  193  11:18  Zergling x2  
  195  11:28  Overseer  
  184  11:34  Zergling x8  
  184  11:36  Baneling x7  
  188  11:44  Zergling x22  
  176  11:54  Zergling x2, Ultralisk x2  
  176  11:55  Zergling x2  
  176  11:57  Anabolic Synthesis  
  176  11:58  Hatchery  
  176  11:59  Zergling x4  
  176  12:01  Queen x4  
  193  12:07  Zergling x2  
  197  12:10  Spore Crawler  
  197  12:12  Zergling x6  
  198  12:16  Baneling x8  
  183  12:23  Zergling x8  
  183  12:28  Ultralisk  
  183  12:29  Zergling x2  
  191  12:35  Zergling x4  
  191  12:38  Zerg Melee Weapons Level 3  
  191  12:40  Zergling x2  
  191  12:41  Zergling x4  
  177  12:44  Zergling x2  
  177  12:47  Ultralisk  
  177  12:51  Overlord  
  168  12:52  Zergling x4  
  161  12:59  Zergling x4  
  161  13:00  Ravager  
  161  13:02  Queen  
  166  13:11  Infestor x2  
  168  13:13  Baneling x3  
  168  13:14  Zergling x8  
  168  13:16  Baneling x3  
  172  13:22  Zergling x6  
  172  13:24  Hatchery  
  172  13:25  Zergling x2  
  170  13:27  Baneling x2  
  170  13:31  Zergling x4  
  164  13:34  Baneling x6  
  164  13:35  Zergling x8  
  164  13:37  Zergling x18  
  168  13:51  Ultralisk  
  168  13:52  Zergling x4, Ultralisk  
  182  13:57  Zergling x6  
  182  14:00  Baneling x8  
  182  14:02  Zergling x2  
  186  14:09  Zergling x12  
  179  14:20  Zergling x14, Ultralisk x2  
  179  14:21  Zergling x6  
  179  14:23  Overlord  
  179  14:24  Overseer  
  185  14:35  Zergling x10  
  174  14:39  Overlord  
  174  14:40  Zergling x14  
  175  14:46  Ultralisk x2  
  175  14:48  Overseer  
  181  14:53  Zergling x12  
  181  14:56  Zergling x10  
  181  14:58  Zergling x4  
  181  14:59  Zergling x2  
  186  15:02  Baneling x2  
  186  15:05  Viper  
  182  15:08  Zergling x10  
  182  15:12  Baneling x9  
  182  15:13  Zergling x6  
  189  15:18  Zergling x8  
  181  15:26  Zergling x6  
  164  15:31  Roach x2  
  164  15:35  Zergling x4  
  148  15:36  Overlord  
  148  15:38  Zergling x12  
  148  15:40  Zergling x2  
  148  15:41  Zergling x4  
  145  15:48  Zergling x6  
  145  15:49  Zergling x2  
  142  15:54  Zergling x4, Ultralisk x2  
  142  15:55  Zergling x2  
  148  16:00  Overseer, Baneling x5  
  148  16:01  Zergling x8  
  148  16:03  Zergling x2  
  151  16:08  Zergling x6, Ultralisk  
  151  16:11  Zergling x4  
  159  16:16  Zergling x8  
  157  16:21  Zergling x14  
  157  16:23  Overseer  
  152  16:25  Zergling x6  
  152  16:29  Ravager x2  
  156  16:34  Infestor  
  156  16:36  Zergling x2  
  156  16:37  Zergling x18  
  156  16:43  Zergling x6  
  156  16:44  Baneling x3  
  156  16:46  Zergling x2  
  156  16:47  Zergling x4  
  161  16:52  Roach x2  
  161  16:53  Zergling x10, Roach  
  161  16:54  Ravager x2  
  171  16:55  Overlord  
  163  17:09  Zergling x18  
  163  17:15  Zergling x8  
  152  17:23  Zergling x14  
  152  17:27  Ravager  
  152  17:28  Ravager x2  
  163  17:37  Zergling x8, Ultralisk x2  
  163  17:40  Zergling x6  
  163  17:43  Zergling x2  
  158  17:44  Zergling x2  
  158  17:46  Zergling x2  
  151  17:54  Zergling x6  
  151  17:55  Baneling x3  
  154  17:59  Zergling x2  
  154  18:00  Zergling x2  
  134  18:05  Zergling x2  
  134  18:06  Zergling x8  
  127  18:16  Zergling x6  
  127  18:17  Overseer  
Show
View Real Time Build Order
Export as new Build Order

Clem Terran - Winner!

Build Orders: 2 Factory, Hellion Opening, Reaper Expand 

Get SALT Encoding   

  12  0:00  SCV  
  13  0:12  SCV  
  14  0:16  Supply Depot  
  14  0:24  SCV  
  15  0:38  SCV  
  15  0:39  Barracks  
  16  0:43  Refinery  
  16  0:50  SCV  
  17  1:02  SCV  
  18  1:14  SCV  
  19  1:26  Orbital Command, Reaper  
  20  1:38  Command Center  
  20  1:46  Supply Depot  
  20  1:52  SCV  
  21  1:58  Marine  
  22  2:04  SCV  
  23  2:09  Factory  
  23  2:12  Refinery  
  23  2:16  SCV  
  23  2:20  Barracks Reactor  
  24  2:28  SCV  
  25  2:40  SCV  
  26  2:49  Orbital Command  
  26  2:50  Factory  
  26  2:53  SCV  
  27  3:00  Hellion x2  
  27  3:05  SCV  
  32  3:10  Supply Depot  
  32  3:17  SCV x2  
  34  3:21  Hellion x2, Barracks Tech Lab  
  38  3:29  SCV  
  38  3:30  SCV  
  40  3:41  SCV  
  41  3:42  Cyclone, Hurricane Engines, SCV  
  41  3:47  Hellion x2  
  48  3:50  Marine  
  48  3:53  SCV  
  48  3:54  SCV  
  51  3:56  Supply Depot  
  51  4:05  SCV  
  51  4:06  SCV  
  53  4:15  Supply Depot  
  53  4:17  Cyclone x3, SCV  
  53  4:18  SCV  
  53  4:20  Barracks Tech Lab  
  61  4:29  SCV  
  62  4:37  Supply Depot, SCV  
  63  4:41  SCV  
  64  4:47  Stimpack  
  64  4:48  Command Center  
  64  4:49  Cyclone, SCV  
  64  4:52  Cyclone  
  69  4:53  SCV  
  69  4:59  Cyclone, Supply Depot  
  72  5:01  SCV  
  72  5:02  Barracks  
  72  5:03  Refinery  
  73  5:07  SCV  
  73  5:08  Marine, Starport  
  75  5:14  Supply Depot  
  75  5:16  SCV  
  76  5:22  Cyclone  
  76  5:24  Engineering Bay x2  
  76  5:25  SCV  
  76  5:27  Marine  
  80  5:28  Refinery  
  80  5:31  Cyclone  
  80  5:34  Hellion  
  84  5:39  SCV x2  
  84  5:42  Supply Depot  
  86  5:45  Marine  
  86  5:46  Starport Reactor  
  87  5:51  Barracks Reactor  
  87  5:52  SCV  
  87  5:55  Barracks  
  84  5:57  SCV  
  84  6:02  SCV  
  84  6:03  Cyclone  
  86  6:05  Cyclone  
  86  6:07  SCV  
  86  6:09  Marine  
  86  6:10  Cyclone  
  91  6:13  SCV  
  90  6:19  SCV  
  90  6:23  Terran Infantry Weapons Level 1  
  89  6:25  SCV  
  89  6:26  Combat Shield  
  89  6:27  Marine  
  89  6:29  Barracks x2  
  89  6:30  Barracks, Marine x2  
  93  6:34  SCV  
  93  6:38  SCV  
  95  6:42  Terran Infantry Armor Level 1  
  95  6:46  Barracks Reactor, SCV  
  95  6:47  Siege Tank  
  99  6:50  Orbital Command  
  99  6:52  Marine, SCV  
  101  6:56  Marine x2  
  101  6:58  SCV  
  101  7:00  Medivac  
  106  7:05  SCV, Medivac  
  109  7:09  Supply Depot  
  109  7:10  Marine, SCV  
  111  7:16  SCV  
  111  7:17  SCV, Widow Mine x2  
  111  7:19  Barracks Reactor  
  117  7:28  Supply Depot  
  117  7:30  SCV x3, Marine x5  
  117  7:31  Supply Depot  
  117  7:32  Refinery x2  
  125  7:39  Supply Depot  
  125  7:40  Siege Tank, Marine x2  
  125  7:41  Supply Depot  
  124  7:48  Marauder, Marine x2  
  124  7:49  Marine  
  132  7:56  Marine x2  
  134  8:00  Marine x2  
  134  8:02  Supply Depot  
  131  8:07  Command Center, Marine  
  131  8:08  Factory Tech Lab  
  131  8:10  Marine, Marauder  
  131  8:12  Siege Tank  
  138  8:16  Marine x5, Medivac x2  
  147  8:20  Factory Reactor  
  147  8:25  Armory  
  145  8:29  Marine  
  145  8:31  Marine, Marauder  
  145  8:33  Marine  
  145  8:34  Marine x2  
  145  8:38  Marine x2  
  148  8:46  Marine  
  148  8:47  Widow Mine  
  151  8:48  Medivac  
  151  8:49  Marine  
  151  8:50  Marine  
  151  8:53  Marauder  
  155  8:56  Marine x2  
  155  8:57  Marine  
  155  9:01  Marine  
  159  9:06  Medivac  
  159  9:08  Siege Tank  
  159  9:09  Marine  
  165  9:14  Marauder  
  163  9:18  Medivac  
  163  9:19  Marine  
  163  9:20  SCV x2  
  163  9:22  Marine  
  163  9:23  Marine  
  163  9:24  Marine x2  
  167  9:26  Marine x2, Widow Mine x2  
  167  9:27  Drilling Claws  
  167  9:30  SCV  
  164  9:35  Marauder  
  164  9:36  Marine x2, Medivac  
  157  9:40  Siege Tank  
  157  9:41  Terran Infantry Weapons Level 2, Terran Infantry Armor Level 2  
  157  9:42  SCV  
  160  9:45  Marine  
  160  9:46  Marine  
  160  9:47  Widow Mine  
  160  9:48  Marine x2  
  160  9:49  Marine  
  167  9:53  Widow Mine, Marine  
  167  9:57  Marauder  
  167  9:58  Medivac  
  175  10:06  Marine, Medivac  
  175  10:07  Marine x2  
  173  10:08  Widow Mine  
  173  10:09  Marine  
  173  10:10  Barracks Tech Lab, Marine  
  173  10:13  Barracks, Siege Tank  
  174  10:15  Widow Mine  
  174  10:18  Marauder  
  174  10:20  Marine  
  175  10:24  Marine x3  
  175  10:26  SCV  
  175  10:27  SCV x2  
  172  10:29  Marine  
  172  10:30  Marine, Widow Mine  
  172  10:34  Marauder  
  178  10:35  Terran Vehicle And Ship Armor Level 1  
  178  10:36  Widow Mine, Marine  
  178  10:38  SCV  
  178  10:39  Marauder, Concussive Shells, Ghost Academy  
  182  10:45  Hellion  
  182  10:46  Marine x2  
  182  10:47  Marine x2  
  182  10:49  SCV  
  188  10:52  Marine  
  188  10:54  Widow Mine, Marine x2  
  188  10:58  Marine  
  188  11:01  Planetary Fortress  
  188  11:04  Marauder  
  188  11:05  Marauder  
  188  11:06  Command Center  
  188  11:10  Refinery  
  188  11:11  Refinery  
  188  11:21  Marine  
  188  11:36  Command Center  
  188  11:39  Barracks Tech Lab  
  188  11:42  Marine  
  188  11:43  Widow Mine x3, Marauder x2  
  187  11:52  Viking x2  
  183  11:55  Marine  
  183  12:01  SCV  
  185  12:02  Ghost  
  185  12:07  Ghost  
  188  12:08  Marauder  
  188  12:09  Hellion  
  188  12:10  Starport  
  188  12:12  Barracks Tech Lab  
  188  12:15  Widow Mine  
  188  12:19  Marine x2  
  188  12:22  Liberator x2  
  185  12:29  Ghost  
  188  12:34  Marauder, Widow Mine  
  188  12:36  Ghost, Marauder  
  186  12:45  Orbital Command, Widow Mine, Marine  
  170  12:52  Widow Mine  
  170  12:55  Ghost, SCV  
  170  12:57  Marauder  
  170  12:58  Ghost, SCV x2  
  156  13:04  Ghost, SCV  
  156  13:05  Liberator, Medivac  
  164  13:07  Widow Mine  
  164  13:08  SCV  
  164  13:10  SCV  
  164  13:11  SCV  
  171  13:19  SCV, Marauder  
  174  13:24  Marauder  
  174  13:25  Widow Mine  
  172  13:27  Marauder  
  172  13:32  Marine  
  172  13:33  Widow Mine  
  176  13:34  Marauder  
  176  13:35  Liberator, Marine  
  176  13:38  Widow Mine  
  176  13:39  Ghost, Marine  
  176  13:41  Planetary Fortress  
  182  13:45  Orbital Command  
  182  13:46  Marauder  
  182  13:47  SCV  
  182  13:48  Medivac  
  184  13:49  Marauder  
  184  13:51  SCV x3  
  184  13:55  Marauder  
  191  13:58  Widow Mine  
  191  13:59  SCV, Marine  
  191  14:02  Marine  
  196  14:03  SCV x2  
  196  14:05  Widow Mine  
  200  14:12  Marine  
  200  14:15  Marine  
  198  14:37  Medivac  
  198  14:38  Widow Mine, Marine  
  125  14:45  Medivac  
  187  14:46  Widow Mine  
  187  14:47  Marine  
  187  14:52  Liberator  
  191  14:53  Widow Mine, Marine  
  191  14:54  Medivac  
  191  14:55  Marine x2  
  191  14:58  Marine x3  
  197  15:00  Command Center x2, Marauder, Widow Mine, Refinery  
  193  15:12  Refinery x2  
  193  15:13  Missile Turret  
  193  15:14  Sensor Tower  
  192  15:17  Medivac, Marauder  
  189  15:22  Medivac  
  189  15:24  Marauder, Medivac, Widow Mine  
  184  15:30  Marauder x2  
  184  15:33  Marine  
  184  15:34  Widow Mine  
  184  15:35  Liberator  
  188  15:38  Marine  
  188  15:39  Marine  
  188  15:42  Ghost  
  172  15:43  Marine  
  172  15:44  Ghost  
  172  15:47  Marine, Widow Mine  
  175  15:50  Widow Mine, Marine x2  
  175  15:53  Marauder  
  171  15:58  Medivac  
  171  16:00  Widow Mine  
  175  16:05  Liberator x2  
  175  16:07  Marine x2  
  175  16:08  Widow Mine  
  175  16:09  Marauder  
  182  16:11  Missile Turret, Marauder  
  182  16:12  Sensor Tower  
  182  16:13  Widow Mine  
  182  16:14  Marine, Marauder  
  182  16:15  Marauder  
  182  16:18  Liberator  
  194  16:27  Liberator  
  194  16:29  Ghost  
  199  16:36  Widow Mine  
  199  16:37  Ghost, Widow Mine  
  199  16:38  Ghost  
  199  16:39  Marine  
  195  16:43  Marine x2  
  195  16:46  Ghost  
  200  16:47  Widow Mine  
  200  16:53  Orbital Command  
  199  16:58  Refinery  
  199  17:13  Ghost  
  184  17:18  Ghost  
  184  17:19  Liberator  
  187  17:23  Widow Mine  
  187  17:25  Planetary Fortress  
  186  17:31  Ghost  
  186  17:32  Liberator x2  
  186  17:34  Marine x2, Widow Mine  
  185  17:39  Marauder, Marine  
  185  17:42  Ghost  
  182  17:46  Fusion Core  
  176  17:52  Ghost  
  176  17:53  Marine x3  
  176  17:55  Marine, Widow Mine  
  176  17:58  Marine x2  
  185  18:00  Ghost, Marine  
  183  18:07  Widow Mine  
  183  18:10  Marine  
  183  18:11  Widow Mine, Marine x2  
  183  18:12  Marauder  
Tags
 
Add a new tag
Caveats
  • Supply blocks, unpowered buildings, or Contaminate may cause inaccurate times.
  • Supply counts are checked every 10 seconds.